 Dungeon Crawl Stone Soup version 0.30-b1-2-g02819fbbbe (webtiles) character file.

Game seed: 4522811494331556151

8 Alarkh the Trooper (level 2, 22/22 (24) HPs)
             Began as a Demonspawn Chaos Knight on May 21, 2023.
             Was a Plaything of Xom.
             Got out of the dungeon alive.
             The game lasted 00:00:24 (246 turns).

Alarkh the Trooper (Demonspawn Chaos Knight)         Turns: 246, Time: 00:00:25

HP:   22/22 (24)    AC:  6    Str: 12    XL:     2   Next: 0%
MP:   2/2           EV: 11    Int: 13    God:    Xom [..*...]
Gold: 26            SH:  0    Dex: 12    Spells: 1/1 levels left

rFire   . .          .
                       - Unarmed
rCold   . . .        (no shield)
rNeg    . . .        a - +2 leather armour
rPois   .            (helmet restricted)
rElec   .            (no cloak)
rCorr   .            (no gloves)
SInv    .            f - +0 pair of boots
Will    .....        (no amulet)
Stlth   +            (no ring)
HPRegen 0.23/turn    (no ring)
MPRegen 0.08/turn

%: no passive effects
@: drained
A: horns 1
a: Renounce Religion


You escaped.
You worshipped Xom.
You were a toy of Xom.
You visited 1 branch of the dungeon, and saw 1 of its levels.

You collected 26 gold pieces.

Inventory:

Armour
 a - a +2 leather armour (worn)
 f - a +0 pair of boots (worn)
Scrolls
 d - a scroll of identify {unknown}
 e - a scroll of enchant weapon {unknown}
 g - a scroll of amnesia {unknown}
Potions
 c - a potion of curing {unknown}
Miscellaneous
 b - a piece from Xom's chessboard (15/15) (quivered)


   Skills:
 + Level 3.1 Fighting
 - Level 1.7 Armour
 + Level 1.1 Dodging
 * Level 3.0 Unarmed Combat


You had one spell level left.
You didn't know any spells.
Your spell library was empty.

Dungeon Overview and Level Annotations

Branches:
Dungeon (1/15)

Altars:


Innate Abilities, Weirdness & Mutations

You have a pair of small horns on your head.


Message History

No target in view!
You see here a +0 pair of boots.
f - a +0 pair of boots You start putting on your armour.
You continue putting on your +0 pair of boots. x4
You finish putting on your +0 pair of boots.
g - a scroll labelled DAFAKK TACWARY
Found 4 poisoned darts.
A ball python comes into view.
You see here 17 gold pieces.
A ball python is nearby!
Okay, then.
You now have 26 gold pieces (gained 17).
A rat comes into view.
Found a runed dagger.
The ball python bites you but does no damage.
The ball python grabs you. The ball python constricts you.
You barely miss the ball python.
The ball python bites you but does no damage.
The ball python constricts you.
You hit the ball python.
You kill the ball python!
Your Unarmed Combat skill increases to level 3!
Found a robe.
The rat barely misses you.
You hit the rat but do no damage. The rat closely misses you.
You hit the rat.
You kill the rat!
You have reached level 2!
Your demonic ancestry asserts itself...
A pair of horns grows on your head!
You see here 4 poisoned darts.
You open the door.
There is an open door here.
You open the door.
There is an open door here.
There is an open door here.
There is a staircase leading out of the dungeon here.
Are you sure you want to leave the Dungeon?
This will make you lose the game!
You have escaped!

...#.#..#### .........#
.####.#..##.## #########
..............
##.......###############.......##
...........##..............†.....
#............######...######.(.#
#............#....#...# #...#
#............#.@..#...# #...#
#............#....##+## ##'##
#............##'### ##+###...#
#.............#...+ +....'...+
#.............##.########..##.##
#..####.#...#..##.#...##.####.#.
#..# #.#...##.##....#....#.....
#. #.#####...###....##....#..
..........##..#........†##


There were no monsters in sight!

Vanquished Creatures
  A ball python (D:1)
  A goblin (D:1)
  A hobgoblin (D:1)
  2 quokkas (D:1)
  2 rats (D:1)
7 creatures vanquished.

Notes
Turn   | Place    | Note
-------+----------+-------------------------------------------
     0 | D:1      | Alarkh the Demonspawn Chaos Knight began the quest for the
                  | Orb.
     0 | D:1      | Reached XP level 1. HP: 18/18 MP: 1/1
    76 | D:1      | XOM: butterfly on damage
    78 | D:1      | Reached skill level 1 in Dodging
   219 | D:1      | Gained mutation: You have a pair of small horns on your
                  | head. [demonic ancestry]
   219 | D:1      | Reached XP level 2. HP: 22/22 MP: 2/2
   246 | D:$      | Got out of the dungeon alive.

Illustrated notes

Levels and vault maps discovered:
D:1:      arrival_zaba_pyramid, layout_basic, minmay_pentomino_t4

Skill      XL: |  1 |
---------------+----+-----
Dodging        | 1 |  1.1
Unarmed Combat | 3 |  3.0
Fighting       | |  3.1
Armour         | |  1.7

Action                     || total
---------------------------++-------
  Melee: Unarmed           ||    48
 Armour: Leather armour    ||    13
  Dodge: Dodged            ||    22
